Map: Zen LE

Players

demuLarva - Winner!

  • Race: Terran Terran
  • League: Grandmaster
  • Spawn Location: 1:00

LiquidClem (Clem)

  • Race: Protoss Protoss
  • League: Master
  • Spawn Location: 7:00

VOD

Have the link to the VOD?

Description

Time

  • Played on: May 26, 2020, 12:06 p.m.
  • Length: 9:04
Show
View Real Time Build Order
Export as new Build Order

demuLarva Terran - Winner!

Build Orders: Reaper Expand 

Get SALT Encoding   

  12  0:00  SCV  
  13  0:13  SCV  
  14  0:17  Supply Depot  
  14  0:25  SCV  
  15  0:38  SCV  
  15  0:40  Barracks  
  16  0:44  Refinery  
  16  0:50  SCV  
  17  1:03  SCV  
  18  1:15  SCV  
  19  1:27  Orbital Command  
  19  1:28  Reaper  
  20  1:40  Command Center  
  20  1:50  Supply Depot  
  20  1:54  Refinery  
  20  1:57  SCV  
  20  2:01  Barracks Reactor  
  21  2:09  SCV  
  22  2:21  Factory  
  22  2:26  SCV  
  23  2:38  SCV  
  23  2:40  Marine  
  23  2:41  Marine  
  26  2:50  SCV  
  26  2:55  Supply Depot  
  25  2:58  Marine x2  
  25  3:02  SCV  
  25  3:05  Starport, Widow Mine  
  30  3:13  Orbital Command  
  30  3:16  Marine x2  
  30  3:17  SCV  
  32  3:34  Marine x2  
  31  3:37  SCV  
  33  3:42  Factory Tech Lab  
  33  3:43  SCV  
  33  3:46  Fusion Core  
  33  3:48  Refinery  
  34  3:49  SCV, Starport Tech Lab  
  35  4:01  Marine x2  
  38  4:03  Siege Tank  
  34  4:18  SCV x2  
  34  4:19  Marine x2  
  37  4:30  SCV x2  
  36  4:40  Battlecruiser  
  36  4:42  SCV  
  36  4:43  SCV  
  36  4:44  Marine x2  
  46  4:48  Supply Depot  
  46  4:55  SCV x2  
  48  5:00  Siege Tank  
  48  5:02  Marine x2  
  50  5:14  SCV  
  50  5:18  SCV  
  50  5:19  Marine x2  
  53  5:21  Supply Depot  
  53  5:26  SCV  
  54  5:30  SCV  
  52  5:36  Siege Tank  
  52  5:37  Marine x2  
  52  5:38  SCV  
  55  5:48  SCV  
  56  5:50  SCV  
  56  5:55  Marine x2  
  59  6:00  SCV  
  59  6:03  Battlecruiser  
  67  6:12  Supply Depot  
  67  6:13  Marine, Supply Depot  
  67  6:17  Siege Tank  
  70  6:19  Supply Depot  
  70  6:33  SCV, Marine x2  
  70  6:34  Weapon Refit, SCV, Supply Depot  
  74  6:46  SCV  
  75  6:47  SCV  
  75  6:49  Command Center  
  75  6:51  Marine x2  
  75  6:52  Siege Tank  
  81  6:59  SCV  
  81  7:00  SCV  
  83  7:07  Refinery  
  83  7:11  SCV  
  83  7:12  SCV  
  83  7:15  Marine x2  
  87  7:24  SCV x2  
  87  7:29  Battlecruiser  
  95  7:36  SCV x2  
  97  7:44  Marine, Siege Tank  
  97  7:45  Marine  
  97  7:49  Supply Depot  
  97  7:50  Supply Depot  
  101  8:02  Marine  
  101  8:03  Marine  
  103  8:10  SCV  
  105  8:13  Orbital Command  
  105  8:15  Factory  
  104  8:20  Marine x2  
  103  8:28  Siege Tank  
  103  8:32  Bunker  
  106  8:38  Marine x2  
Show
View Real Time Build Order
Export as new Build Order

LiquidClem Protoss 

Build Orders: 1 Gate Expand 

Get SALT Encoding   

  12  0:00  Probe  
  13  0:12  Pylon  
  13  0:17  Probe  
  14  0:31  Gateway  
  14  0:34  Probe (Chrono Boost)  
  16  0:44  Probe (Chrono Boost), Assimilator  
  16  0:49  Probe (Chrono Boost)  
  17  1:00  Probe  
  18  1:12  Probe  
  19  1:18  Cybernetics Core  
  19  1:31  Nexus  
  19  1:39  Pylon  
  19  1:42  Probe  
  20  1:50  Assimilator  
  20  1:51  Adept (Chrono Boost)  
  20  1:56  Probe  
  20  1:59  Warp Gate  
  23  2:08  Probe  
  24  2:13  Stalker (Chrono Boost)  
  24  2:20  Probe  
  27  2:33  Probe  
  27  2:38  Stalker  
  29  2:48  Probe (Chrono Boost)  
  29  2:52  Probe (Chrono Boost)  
  30  3:04  Robotics Facility  
  31  3:06  Probe (Chrono Boost)  
  31  3:08  Probe (Chrono Boost), Stalker  
  34  3:13  Probe  
  34  3:17  Probe  
  36  3:25  Probe  
  35  3:29  Probe  
  36  3:37  Probe  
  36  3:38  Sentry  
  36  3:40  Pylon  
  39  3:41  Probe  
  40  3:48  Warp Prism (Chrono Boost)  
  40  3:49  Gateway  
  40  3:54  Probe  
  43  3:56  Probe  
  44  4:06  Probe  
  44  4:09  Probe  
  46  4:13  Robotics Bay  
  46  4:18  Probe  
  46  4:19  Sentry  
  46  4:21  Observer (Chrono Boost)  
  46  4:23  Probe  
  46  4:24  Pylon  
  51  4:30  Probe  
  52  4:35  Probe  
  53  4:38  Pylon, Assimilator  
  53  4:42  Assimilator  
  53  4:45  Probe  
  53  4:47  Stalker  
  53  4:48  Stalker, Pylon  
  53  4:52  Probe  
  59  4:59  Immortal (Chrono Boost)  
  63  5:02  Pylon  
  63  5:07  Probe  
  60  5:14  Probe  
  61  5:22  Probe  
  61  5:26  Nexus  
  62  5:29  Pylon  
  68  5:36  Probe  
  68  5:40  Probe  
  70  5:48  Probe, Stalker  
  70  5:49  Stalker, Pylon  
  69  5:54  Probe  
  67  6:00  Probe  
  66  6:06  Probe  
  67  6:12  Probe, Twilight Council  
  67  6:16  Disruptor (Chrono Boost)  
  67  6:18  Stalker x2  
  75  6:19  Shield Battery  
  75  6:21  Probe  
  75  6:22  Observer, Shield Battery  
  76  6:29  Gateway  
  76  6:31  Probe  
  77  6:33  Probe  
  78  6:41  Probe  
  78  6:43  Probe, Stalker  
  78  6:44  Stalker, Blink (Chrono Boost)  
  78  6:46  Pylon  
  84  6:57  Pylon  
  84  7:00  Disruptor (Chrono Boost)  
  83  7:07  Stalker x2  
  90  7:10  Pylon  
  90  7:11  Gateway  
  90  7:14  Shield Battery  
  90  7:23  Stalker  
  93  7:30  Probe x3, Gateway  
  95  7:37  Stalker x2  
  95  7:40  Disruptor (Chrono Boost)  
  102  7:48  Stalker  
  104  7:55  Pylon, Gateway  
  104  8:01  Stalker x2  
  106  8:05  Gateway  
  106  8:08  Pylon  
  106  8:13  Stalker x2  
  106  8:28  Stalker x2  
  106  8:29  Stalker  
  109  8:43  Stalker x2  
  106  8:54  Stalker x3  
  92  9:01  Stalker  
Tags
 
Add a new tag
Caveats
  • Supply blocks, unpowered buildings, or Contaminate may cause inaccurate times.
  • Supply counts are checked every 10 seconds.